 Dungeon Crawl Stone Soup version 0.30-a0-757-ga6a79fd877 (webtiles) character file.

Game seed: 4071886278581453751

168 Newt the Shooter (level 5, 0/35 HPs)
             Began as a Kobold Hunter on Feb 9, 2023.
             Slain by a lemure (6 damage)
             ... led by Pikel
             ... on level 5 of the Dungeon.
             The game lasted 00:04:04 (3810 turns).

Newt the Shooter (Kobold Hunter)                    Turns: 3810, Time: 00:04:05

Health: 0/35       AC:  7    Str:  8    XL:     5   Next: 77%
Magic:  5/5        EV: 14    Int: 11    God:
Gold:   914        SH:  0    Dex: 15    Spells: 4/4 levels left

rFire   + . .      SeeInvis .    a - +0 shortbow
rCold   . . .      Faith    .    (shield currently unavailable)
rNeg    . . .      Spirit   .    c - +0 leather armour
rPois   .          Reflect  .    (no helmet)
rElec   .          Harm     .    (no cloak)
rCorr   +          Rampage  .    (no gloves)
Will    ++...                    (no boots)
Stlth   +++                      (no amulet)
HPRegen 0.25/turn                e - +4 ring of protection
MPRegen 0.09/turn                n - ring of the Bull {Fly rF+ Will++ rCorr Dex-5}

@: flying
A: small, no large weapons, nightstalker 3
a: no special abilities


You were on level 5 of the Dungeon.
You visited 2 branches of the dungeon, and saw 6 of its levels.

You collected 914 gold pieces.

Inventory:

Hand Weapons
 a - a +0 shortbow (weapon)
Armour
 c - a +0 leather armour (worn)
Jewellery
 e - a +4 ring of protection (left hand)
 n - the ring of the Bull (right hand) {Fly rF+ Will++ rCorr Dex-5}
   (You found it on level 3 of the Dungeon)

   [ring of protection from fire]

   Dex:       It affects your dexterity (-5).
   rF:        It protects you from fire.
   Fly:       It grants you flight.
   rCorr:     It protects you from acid and corrosion.
   Will:      It greatly increases your willpower.
 t - a ring of ice
 w - an amulet of regeneration
Wands
 i - a wand of flame (26)
 l - a wand of iceblast (12)
Scrolls
 b - a scroll of immolation
 j - a scroll of magic mapping {unknown}
 k - a scroll of enchant armour {unknown}
 m - a scroll of butterflies {unknown}
 o - a scroll of enchant weapon {unknown}
 p - a scroll of noise {unknown}
 r - a scroll of teleportation
 s - a scroll of amnesia {unknown}
 x - a scroll of identify {unknown}
Potions
 d - 4 potions of curing
 f - a potion of magic {unknown}
 g - a potion of brilliance {unknown}
 h - a potion of mutation {unknown}
 q - 2 potions of invisibility {unknown}
 u - a potion of resistance {unknown}
 v - a potion of ambrosia {unknown}
 z - a potion of cancellation {unknown}


   Skills:
 - Level 5.0 Fighting
 + Level 6.7 Ranged Weapons
 - Level 2.4 Dodging
 - Level 1.3 Stealth


You had 4 spell levels left.
You didn't know any spells.
Your spell library was empty.

Dungeon Overview and Level Annotations

Branches:
Dungeon (5/15)             Temple (1/1) D:4

Altars:
Ashenzari
Cheibriados
Dithmenos
Elyvilon
Kikubaaqudgha
Makhleb
Nemelex Xobeh
Okawaru
Sif Muna
Trog
Uskayaw
Vehumet
Wu Jian
Xom
Yredelemnul
Zin


Innate Abilities, Weirdness & Mutations

You are small and have problems with some larger weapons.
You are completely attuned to the shadows.


Message History

You shoot an arrow. The arrow barely misses the lemure.
The lemure hits you. The lemure hits you but does no damage.
You shoot an arrow.
The arrow hits the lemure but does no damage.
The lemure is heavily wounded.
The lemure hits you but does no damage. The lemure hits you.
You shoot an arrow. The arrow hits the lemure!
The lemure is almost dead.
The lemure barely misses you. The lemure hits you.
You shoot an arrow. The arrow hits the lemure!
You kill the lemure!
That felt strangely unrewarding.
The lemure hits you but does no damage. x2
You shoot an arrow.
The arrow hits the lemure but does no damage.
The lemure is lightly wounded.
The lemure completely misses you.
You shoot an arrow. The arrow hits the lemure!
The lemure is heavily wounded.
The lemure hits you.
* * * LOW HITPOINT WARNING * * *
You shoot an arrow. The arrow hits the lemure!
The lemure is severely wounded.
The lemure hits you but does no damage.
You shoot an arrow.
The arrow hits the lemure but does no damage.
The lemure is severely wounded.
The lemure hits you.
* * * LOW HITPOINT WARNING * * *
The lemure barely misses you.
You shoot an arrow. The arrow closely misses the lemure.
The lemure barely misses you.
You shoot an arrow. The arrow completely misses the lemure.
The lemure closely misses you.
You shoot an arrow. The arrow barely misses the lemure.
The lemure misses you.
You shoot an arrow. The arrow closely misses the lemure.
The lemure barely misses you. The lemure misses you.
You shoot an arrow. The arrow hits the lemure.
The lemure is severely wounded.
The lemure hits you.
You die...

♣~ .........#...#
~♣~~♣♣........#...#
♣~~♣~.........#...#
.♣~~~~.........#...#
.~~~~..........5@..#
.~~~...........#...#
..♣..♣#....†...#...#
......####.....#...#
..P♣5....#.....#...#
PP.......'.....
.........#.....
.........#.....
##.#####+#.....


You could see a lemure.

Vanquished Creatures
  A lemure (D:5)
  A hound (D:3)
  4 adders
  2 gnolls (D:2)
  A worm (D:2)
  2 dart slugs
  3 orcs (D:3)
  5 ball pythons
  2 endoplasms (D:2)
  4 giant cockroaches
  7 goblins
  6 hobgoblins
  3 jackals (D:3)
  8 kobolds
  2 quokkas
  12 bats
  A frilled lizard (D:2)
  7 rats
71 creatures vanquished.

Notes
Turn   | Place    | Note
-------+----------+-------------------------------------------
     0 | D:1      | Newt the Kobold Hunter began the quest for the Orb.
     0 | D:1      | Reached XP level 1. HP: 12/12 MP: 1/1
   108 | D:1      | Reached XP level 2. HP: 17/18 MP: 2/2
   415 | D:1      | Found a faded altar of an unknown god.
   589 | D:1      | Reached XP level 3. HP: 22/23 MP: 3/3
   706 | D:2      | Identified a scroll of acquirement
   706 | D:2      | Acquired 602 gold pieces
   711 | D:2      | Found a shadowy altar of Dithmenos.
  1079 | D:2      | Reached XP level 4. HP: 12/30 MP: 4/4
  1916 | D:3      | Identified the ring of the Bull {Fly rF+ Will++ rCorr
                  | Dex-5}
  2188 | D:3      | Reached skill level 5 in Fighting
  2362 | D:3      | Reached skill level 6 in Ranged Weapons
  2362 | D:3      | Reached XP level 5. HP: 35/35 MP: 5/5
  2744 | D:4      | Found a staircase to the Ecumenical Temple.
  2781 | Temple   | Entered the Ecumenical Temple
  2823 | D:4      | Found an iron altar of Okawaru.
  2823 | D:4      | Found a broken altar of Ashenzari.
  2940 | D:4      | Found a radiant altar of Vehumet.
  3753 | D:5      | Entered Level 5 of the Dungeon
  3769 | D:5      | Noticed a lemure
  3769 | D:5      | Noticed a lemure
  3770 | D:5      | Noticed a lemure
  3801 | D:5      | Killed a lemure
  3810 | D:5      | Slain by a lemure

Illustrated notes

Levels and vault maps discovered:
D:1:      amcnicky_arrival_single_pillar, layout_loops_ring,
          basic_ecumenical_altar, minmay_pentomino_z2
D:2:      minmay_diamond_boxcup, layout_loops_cross, basic_altar
D:3:      layout_basic, minmay_checkerbox
D:4:      layout_gridville, fiery_altar_vehumet, jmf_multi_god_temple,
          minmay_temple_entry_metal_lava, dk_noncrumbling_3, grunt_ministairs_15
D:5:      layout_gridville, serial_bayou, serial_bayou_shore_b,
          serial_bayou_lagoon_a, serial_bayou_pond_b, serial_bayou_pond_a,
          uniq_ijyb, uniq_pikel
Temple:   nicolae_temple_no_exploring_needed

Skill      XL: |  1  2  3  4 |
---------------+-------------+-----
Fighting       | 3 4 5 |  5.0
Ranged Weapons | 6 |  6.7
Dodging        | |  2.4
Stealth        | |  1.3

Action                     |  1- 3 |  4- 6 || total
---------------------------+-------+-------++-------
   Fire: Shortbow          |    95 |   132 ||   227
    Use: Scroll            |     1 |     3 ||     4
         Potion            |       |     1 ||     1
 Armour: Leather armour    |    22 |    33 ||    55
  Dodge: Dodged            |    56 |    79 ||   135

Table legend: (Time is in decaauts)
 A = Elapsed time spent in this place.
 B = Non-inter-level travel time spent in this place.
 C = Inter-level travel time spent in this place.
 D = Time resting spent in this place.
 E = Time spent auto-exploring this place.
 F = Levels seen in this place.
 G = Mean time per level.
                   A        B        C        D        E       F      G
               +--------+--------+--------+--------+--------+-----+--------+
         Total |   3870 |   3710 |    160 |    410 |   2824 |   6 |  645.0 |
       Dungeon |   3842 |   3688 |    154 |    410 |   2810 |   5 |  768.4 |
        Temple |     28 |     23 |      5 |      0 |     14 |   1 |   28.0 |
               +--------+--------+--------+--------+--------+-----+--------+

Top non-repeatable levels by time:
     D:2: 1173 daAuts
     D:4: 1076 daAuts
     D:3: 826 daAuts
     D:1: 704 daAuts
     D:5: 62 daAuts
  Temple: 28 daAuts
